| TOP OF THE 1ST |
|
Burlington Bees batting - Pitching for Kannapolis Intimidators : RHP Ruben Castro
|
|
Pitching: RHP Ruben Castro
|
|
|
Batting: RHB Dan Myers
|
0-0: Ball 1-0: Foul Ball, location: 2F 1-1: Foul Ball, location: 2F 1-2: Ball 2-2: Foul Ball, location: 2F 2-2: Strikes out swinging
|
|
Batting: RHB Rory Cobb
|
0-0: Called Strike 0-1: Ball 1-1: Ball 2-1: Called Strike 2-2: Ground out 4-3 (Groundball, 4, EV 82.5 MPH)
|
|
Batting: LHB Ramon Garduno
|
0-0: Called Strike 0-1: Swinging Strike 0-2: Strikes out swinging
|
| Top of the 1st over - 0 runs, 0 hits, 0 errors, 0 left on base; Burlington 0 - Kannapolis 0 |
| BOTTOM OF THE 1ST |
|
Kannapolis Intimidators batting - Pitching for Burlington Bees : LHP Tyler MacLean
|
|
Pitching: LHP Tyler MacLean
|
|
|
Batting: RHB Kunimatsu Oya
|
0-0: Ground out 5-3 (Groundball, 56, EV 81.9 MPH)
|
|
Batting: SHB Andres Agudo
|
0-0: Foul Ball, location: 2F 0-1: Ball 1-1: Ground out 5-3 (Groundball, 15, EV 86.2 MPH)
|
|
Batting: RHB Tony Garcia
|
0-0: Ball 1-0: Ball 2-0: Ball 3-0: Called Strike 3-1: Swinging Strike 3-2: Base on Balls
|
|
Batting: RHB Nick Kleckner
|
0-0: Called Strike 0-1: Ball 1-1: Ball 2-1: Ball Tony Garcia steals 2nd base 3-1: Foul Ball, location: 2F 3-2: Strikes out swinging
|
| Bottom of the 1st over - 0 runs, 0 hits, 0 errors, 1 left on base; Burlington 0 - Kannapolis 0 |
| TOP OF THE 2ND |
|
Burlington Bees batting - Pitching for Kannapolis Intimidators : RHP Ruben Castro
|
|
Batting: SHB Danny Gelinas
|
0-0: Swinging Strike 0-1: Called Strike 0-2: Ball 1-2: Ground out 4-3 (Groundball, 4, EV 100.6 MPH)
|
|
Batting: LHB Pavla Markianov
|
0-0: Ball 1-0: Ball 2-0: Ball 3-0: Base on Balls
|
|
Batting: RHB Peter Westover
|
0-0: Ball 1-0: Ball 2-0: Swinging Strike 2-1: Swinging Strike 2-2: Grounds into double play, 6-4-3 (Groundball, 6, EV 79.4 MPH)
|
| Top of the 2nd over - 0 runs, 0 hits, 0 errors, 0 left on base; Burlington 0 - Kannapolis 0 |
| BOTTOM OF THE 2ND |
|
Kannapolis Intimidators batting - Pitching for Burlington Bees : LHP Tyler MacLean
|
|
Batting: RHB Ethan McCullough
|
0-0: Ball 1-0: Called Strike 1-1: Swinging Strike 1-2: Strikes out swinging
|
|
Batting: LHB Raul Rojas
|
0-0: Ball 1-0: Ball 2-0: Swinging Strike 2-1: Called Strike 2-2: Strikes out looking
|
|
Batting: RHB Tommy Ellington
|
0-0: Foul Ball, location: 2F 0-1: Foul Ball, location: 2F 0-2: Strikes out looking
|
| Bottom of the 2nd over - 0 runs, 0 hits, 0 errors, 0 left on base; Burlington 0 - Kannapolis 0 |
| TOP OF THE 3RD |
|
Burlington Bees batting - Pitching for Kannapolis Intimidators : RHP Ruben Castro
|
|
Batting: SHB David Vigo
|
0-0: Ball 1-0: Ball 2-0: Called Strike 2-1: Ball 3-1: Foul Ball, location: 2F 3-2: Foul Ball, location: 2F 3-2: Foul Ball, location: 2F 3-2: Foul Ball, location: 2F 3-2: Foul Ball, location: 2F 3-2: Ground out 6-3 (Groundball, 6M, EV 98.8 MPH)
|
|
Batting: RHB Wilford Harper
|
0-0: Swinging Strike 0-1: Swinging Strike 0-2: Strikes out looking
|
|
Batting: LHB Jamie Diebel
|
0-0: Ground out 6-3 (Groundball, 6, EV 79.4 MPH)
|
| Top of the 3rd over - 0 runs, 0 hits, 0 errors, 0 left on base; Burlington 0 - Kannapolis 0 |
| BOTTOM OF THE 3RD |
|
Kannapolis Intimidators batting - Pitching for Burlington Bees : LHP Tyler MacLean
|
|
Batting: RHB Kaoru Hamada
|
0-0: Swinging Strike 0-1: Called Strike 0-2: Strikes out looking
|
|
Batting: RHB Dave Dominguez
|
0-0: Ball 1-0: Called Strike 1-1: Ground out 4-3 (Groundball, 4M, EV 76.9 MPH)
|
|
Batting: RHB Kunimatsu Oya
|
0-0: Ball 1-0: Ball 2-0: Ball 3-0: Base on Balls
|
|
Batting: SHB Andres Agudo
|
0-0: Ball 1-0: Called Strike Kunimatsu Oya steals 2nd base 1-1: Swinging Strike 1-2: Ball 2-2: Fly out, F6 (Popup, 15S, EV 88.1 MPH)
|
| Bottom of the 3rd over - 0 runs, 0 hits, 0 errors, 1 left on base; Burlington 0 - Kannapolis 0 |
| TOP OF THE 4TH |
|
Burlington Bees batting - Pitching for Kannapolis Intimidators : RHP Ruben Castro
|
|
Batting: RHB Dan Myers
|
0-0: Called Strike 0-1: Ball 1-1: Called Strike 1-2: Ball 2-2: Ball 3-2: Strikes out swinging
|
|
Batting: RHB Rory Cobb
|
0-0: Called Strike 0-1: Fly out, F8 (Flyball, 89M, EV 90.6 MPH)
|
|
Batting: LHB Ramon Garduno
|
0-0: Called Strike 0-1: Ball 1-1: Swinging Strike 1-2: Foul Ball, location: 2F 1-2: Ball 2-2: Ground out U3 (Groundball, 3, EV 106.9 MPH)
|
| Top of the 4th over - 0 runs, 0 hits, 0 errors, 0 left on base; Burlington 0 - Kannapolis 0 |
| BOTTOM OF THE 4TH |
|
Kannapolis Intimidators batting - Pitching for Burlington Bees : LHP Tyler MacLean
|
|
Batting: RHB Tony Garcia
|
0-0: Ball 1-0: DOUBLE (Line Drive, 9LS, EV 113.1 MPH)
|
|
Batting: RHB Nick Kleckner
|
0-0: Called Strike 0-1: Ground out 4-3 (Groundball, 4, EV 88.1 MPH) Tony Garcia to third
|
|
Batting: RHB Ethan McCullough
|
0-0: Called Strike 0-1: Foul Ball, location: 2F 0-2: Ball 1-2: Fly out, F3 (Popup, 3F, EV 68.8 MPH)
|
|
Batting: LHB Raul Rojas
|
0-0: Swinging Strike 0-1: Ball 1-1: Swinging Strike 1-2: Ball 2-2: Ground out 6-3 (Groundball, 6M, EV 85.0 MPH)
|
| Bottom of the 4th over - 0 runs, 1 hit, 0 errors, 1 left on base; Burlington 0 - Kannapolis 0 |
| TOP OF THE 5TH |
|
Burlington Bees batting - Pitching for Kannapolis Intimidators : RHP Ruben Castro
|
|
Batting: SHB Danny Gelinas
|
0-0: Called Strike 0-1: Ball 1-1: DOUBLE (Groundball, 3L, EV 95.6 MPH)
|
|
Batting: LHB Pavla Markianov
|
0-0: Ball 1-0: Called Strike 1-1: Ball 2-1: Fly out, F9 (Flyball, 9S, EV 81.9 MPH)
|
|
Batting: RHB Peter Westover
|
0-0: Foul Ball, location: 2F 0-1: Swinging Strike 0-2: Strikes out swinging
|
|
Batting: SHB David Vigo
|
0-0: Foul Ball, location: 2F 0-1: Foul Ball, location: 2F 0-2: TRIPLE (Line Drive, 7D, EV 108.8 MPH) Danny Gelinas scores
|
|
Batting: RHB Wilford Harper
|
0-0: Ball 1-0: Foul Ball, location: 2F 1-1: Foul Ball, location: 2F 1-2: Ball 2-2: Ball 3-2: Foul Ball, location: 2F 3-2: Strikes out swinging
|
| Top of the 5th over - 1 run, 2 hits, 0 errors, 1 left on base; Burlington 1 - Kannapolis 0 |
| BOTTOM OF THE 5TH |
|
Kannapolis Intimidators batting - Pitching for Burlington Bees : LHP Tyler MacLean
|
|
Batting: RHB Tommy Ellington
|
0-0: Ground out 5-3 (Groundball, 56, EV 81.9 MPH)
|
|
Batting: RHB Kaoru Hamada
|
0-0: Foul Ball, location: 2F 0-1: Ball 1-1: SINGLE (Line Drive, 8RS, EV 95.0 MPH)
|
|
Batting: RHB Dave Dominguez
|
0-0: Foul Ball, location: 2F 0-1: Ball 1-1: Fielders Choice at 2nd, 6-4 (Groundball, 6, EV 76.2 MPH)
|
|
Batting: RHB Kunimatsu Oya
|
0-0: Called Strike 0-1: Foul Ball, location: 2F 0-2: Ball 1-2: Foul Ball, location: 2F 1-2: Ball 2-2: TRIPLE (Line Drive, 89XD, EV 110.6 MPH) Dave Dominguez scores
|
|
Batting: SHB Andres Agudo
|
0-0: Foul Ball, location: 2F 0-1: Called Strike 0-2: Ball 1-2: Strikes out swinging
|
| Bottom of the 5th over - 1 run, 2 hits, 0 errors, 1 left on base; Burlington 1 - Kannapolis 1 |
| TOP OF THE 6TH |
|
Burlington Bees batting - Pitching for Kannapolis Intimidators : RHP Ruben Castro
|
|
Batting: LHB Jamie Diebel
|
0-0: Ball 1-0: Swinging Strike 1-1: Fly out, F7 (Flyball, 78M, EV 86.9 MPH)
|
|
Batting: RHB Dan Myers
|
0-0: Called Strike 0-1: Ground out 3-1 (Groundball, 34, EV 90.0 MPH)
|
|
Batting: RHB Rory Cobb
|
0-0: Called Strike 0-1: Ball 1-1: Ball 2-1: Foul Ball, location: 2F 2-2: Ball 3-2: Strikes out swinging
|
| Top of the 6th over - 0 runs, 0 hits, 0 errors, 0 left on base; Burlington 1 - Kannapolis 1 |
| BOTTOM OF THE 6TH |
|
Kannapolis Intimidators batting - Pitching for Burlington Bees : LHP Tyler MacLean
|
|
Batting: RHB Tony Garcia
|
0-0: Fly out, F8 (Flyball, 89M, EV 93.1 MPH)
|
|
Batting: RHB Nick Kleckner
|
0-0: Called Strike 0-1: Swinging Strike 0-2: Strikes out looking
|
|
Batting: RHB Ethan McCullough
|
0-0: Ball 1-0: Foul Ball, location: 2F 1-1: Ball 2-1: Swinging Strike 2-2: Ball 3-2: Ground out U3 (Groundball, 3L, EV 102.5 MPH)
|
| Bottom of the 6th over - 0 runs, 0 hits, 0 errors, 0 left on base; Burlington 1 - Kannapolis 1 |
| TOP OF THE 7TH |
|
Burlington Bees batting - Pitching for Kannapolis Intimidators : RHP Ruben Castro
|
|
Pitching: RHP Steve Friesner
|
|
|
Batting: LHB Ramon Garduno
|
0-0: Called Strike 0-1: Ball 1-1: Swinging Strike 1-2: Strikes out swinging
|
|
Batting: SHB Danny Gelinas
|
0-0: Foul Ball, location: 2F 0-1: Ground out 6-3 (Groundball, 4MD, EV 88.1 MPH)
|
|
Batting: LHB Pavla Markianov
|
0-0: Called Strike 0-1: Ball 1-1: Ball 2-1: Ball 3-1: Base on Balls
|
|
Batting: RHB Peter Westover
|
Balk! Pavla Markianov to second 0-0: Swinging Strike 0-1: Foul Ball, location: 2F 0-2: Strikes out swinging
|
| Top of the 7th over - 0 runs, 0 hits, 0 errors, 1 left on base; Burlington 1 - Kannapolis 1 |
| BOTTOM OF THE 7TH |
|
Kannapolis Intimidators batting - Pitching for Burlington Bees : LHP Tyler MacLean
|
|
Pinch Hitting: SHB Noah Long
|
0-0: Called Strike 0-1: Called Strike 0-2: Foul Ball, location: 2F 0-2: Strikes out swinging
|
|
Pitching: RHP Chris DePalma
|
|
|
Batting: RHB Tommy Ellington
|
0-0: Ground out 5-3 (Groundball, 5, EV 80.0 MPH)
|
|
Pinch Hitting: LHB Jesus Ramirez
|
0-0: Ball 1-0: Ball 2-0: Fly out, F6 (Line Drive, 6MD, EV 66.9 MPH)
|
| Bottom of the 7th over - 0 runs, 0 hits, 0 errors, 0 left on base; Burlington 1 - Kannapolis 1 |
| TOP OF THE 8TH |
|
Burlington Bees batting - Pitching for Kannapolis Intimidators : RHP Steve Friesner
|
|
Pitching: LHP Rodolfo Valencia
|
|
|
Now at 1B: Luwen Storm
|
|
|
Now in LF: Jose Pereyra
|
|
|
Now in CF: Andres Agudo
|
|
|
Batting: SHB David Vigo
|
0-0: Hit by Pitch
|
|
Batting: RHB Wilford Harper
|
0-0: Called Strike 0-1: Foul Ball, location: 2F 0-2: Foul Ball, location: 2F 0-2: Grounds into double play, 6-4-3 (Groundball, 6, EV 105.6 MPH)
|
|
Pinch Hitting: RHB Malachi Ephron
|
0-0: Ball 1-0: Ball 2-0: Foul Ball, location: 2F 2-1: Swinging Strike 2-2: Strikes out looking
|
| Top of the 8th over - 0 runs, 0 hits, 0 errors, 0 left on base; Burlington 1 - Kannapolis 1 |
| BOTTOM OF THE 8TH |
|
Kannapolis Intimidators batting - Pitching for Burlington Bees : RHP Chris DePalma
|
|
Now in RF: Malachi Ephron
|
|
|
Pinch Hitting: LHB Ryan Dyal
|
0-0: Swinging Strike 0-1: Ball 1-1: Ground out 4-3 (Groundball, 4, EV 104.4 MPH)
|
|
Batting: RHB Kunimatsu Oya
|
0-0: Ball 1-0: Called Strike 1-1: DOUBLE (Line Drive, 89D, EV 107.5 MPH)
|
|
Batting: SHB Andres Agudo
|
0-0: Called Strike 0-1: Ball Kunimatsu Oya steals 3rd, throwing error, E2 Kunimatsu Oya scores 1-1: Called Strike 1-2: Strikes out swinging, 2-3 out at first.
|
|
Batting: RHB Tony Garcia
|
0-0: Called Strike 0-1: Foul Ball, location: 2F 0-2: Fly out, F9 (Flyball, 9LM, EV 86.2 MPH)
|
| Bottom of the 8th over - 1 run, 1 hit, 1 error, 0 left on base; Burlington 1 - Kannapolis 2 |
| TOP OF THE 9TH |
|
Burlington Bees batting - Pitching for Kannapolis Intimidators : LHP Rodolfo Valencia
|
|
Pitching: LHP Ray Sowers
|
|
|
Now at 3B: Santos Guadalupe
|
|
|
Now in RF: Miguel Pacheco
|
|
|
Batting: RHB Dan Myers
|
0-0: Ball 1-0: Ball 2-0: Ball 3-0: Called Strike 3-1: Swinging Strike 3-2: Foul Ball, location: 2F 3-2: Strikes out looking
|
|
Batting: RHB Rory Cobb
|
0-0: Called Strike 0-1: Called Strike 0-2: Foul Ball, location: 2F 0-2: Foul Ball, location: 2F 0-2: Ball 1-2: Ground out 4-3 (Groundball, 34S, EV 85.0 MPH)
|
|
Pinch Hitting: RHB Phil Knox
|
0-0: Ball 1-0: Foul Ball, location: 2F 1-1: Ground out 5-3 (Groundball, 56S, EV 76.2 MPH)
|
| Top of the 9th over - 0 runs, 0 hits, 0 errors, 0 left on base; Burlington 1 - Kannapolis 2 |
|